 Dungeon Crawl Stone Soup version 0.30-a0-170-g85af917532 (webtiles) character file.

Game seed: 12673117234663221413

362 qw the Chopper (level 6, -1/39 HPs)
             Began as a Gargoyle Fighter on Oct 1, 2022.
             Slain by a lemure (3 damage)
             ... led by Pikel
             ... on level 6 of the Dungeon.
             The game lasted 00:01:16 (3402 turns).

qw the Chopper (Gargoyle Fighter)                   Turns: 3402, Time: 00:01:16

Health: -1/39      AC: 20    Str: 21    XL:     6   Next: 66%
Magic:  6/6        EV:  9    Int:  9    God:
Gold:   262        SH:  5    Dex: 17    Spells: 5/5 levels left

rFire   . . .      SeeInvis +    Y - +0 war axe
rCold   . . .      Faith    .    c - +0 buckler
rNeg    + . .      Spirit   .    o - +9 scale mail of Cuecu {Dex+8 SInv}
rPois   inf        Reflect  .    (helmet restricted)
rElec   +          Harm     .    (no cloak)
rCorr   .          Rampage  .    (no gloves)
Will    .....                    (no boots)
Stlth   ..........               (no amulet)
HPRegen 0.13/turn                (no ring)
MPRegen 0.10/turn                (no ring)

@: no status effects
A: sickness immunity, AC +4, negative energy resistance 1, electricity
resistance, torment resistance 1, petrification resistance, antennae 1, wild
magic 3
a: no special abilities


You were on level 6 of the Dungeon.
You visited 1 branch of the dungeon, and saw 5 of its levels.

You collected 262 gold pieces.


Innate Abilities, Weirdness & Mutations

You are immune to sickness and miasma.
Your stone body is resilient. (AC +4)
You are immune to poison.
You resist negative energy. (rN+)
You are resistant to electric shocks. (rElec)
You are resistant to unholy torment.
You are immune to petrification.
You have a pair of small antennae on your head.
Your spells are much harder to cast, but much more powerful.


   Skills:
 - Level 4.7 Fighting
 + Level 5.3 Axes
 - Level 3.2 Armour
 - Level 1.0 Dodging
 - Level 3.2 Shields


You had 5 spell levels left.
You didn't know any spells.
Your spell library was empty.

Inventory:

Hand Weapons
 a - a +2 flail of protection
 Y - a +0 war axe (weapon)
Missiles
 e - 2 boomerangs (quivered)
Armour
 c - a +0 buckler (worn)
 o - the +9 scale mail of Cuecu (worn) {Dex+8 SInv}
   (You found it on level 3 of the Dungeon)

   Dex:       It affects your dexterity (+8).
   SInv:      It lets you see invisible.
Scrolls
 j - a scroll of identify
Potions
 b - a potion of curing
 d - 3 potions of might
 f - a potion of haste {unknown}
 g - a potion of mutation
 i - a potion of flight {unknown}
 k - a potion of lignification
 p - a potion of resistance {unknown}

Dungeon Overview and Level Annotations

Branches:
Dungeon (4/15)
 Temple: D:4-7

Altars:

Portals:
Abyss: D:3

Annotations:
D:3 2 transporters, qw's ghost, amateur GrFi
D:6 Pikel


Message History

You hear the slow rusting of a distant drain.
The lemure hits you but does no damage.
You hit the lemure.
The lemure is moderately wounded.
The lemure completely misses you.
You closely miss the lemure.
The lemure is lightly wounded.
You barely miss the lemure. You hit Pikel but do no damage.
The lemure hits you but does no damage. x2; You block Pikel's attack.
You hit the lemure.
The lemure is moderately wounded.
You hit Pikel. You hit the lemure. The lemure barely misses you.
You block the lemure's attack. Pikel barely misses you.
You block the lemure's attack. You block Pikel's attack.
The lemure hits you but does no damage.
You closely miss the lemure.
The lemure is moderately wounded.
You closely miss Pikel. You closely miss the lemure.
The lemure hits you but does no damage. The lemure closely misses you.
You block Pikel's attack.
You slash the lemure!
The lemure is severely wounded.
You hit Pikel. You hit the lemure but do no damage.
Pikel hits you but does no damage. The lemure hits you but does no damage.
The lemure closely misses you.
You hit the lemure but do no damage.
The lemure is severely wounded.
You barely miss the lemure. You hit Pikel but do no damage.
You hit the lemure but do no damage.
You block the lemure's attack. x2; The lemure barely misses you.
An iguana comes into view.
Pikel hits you but does no damage.
You closely miss the lemure.
The lemure is severely wounded.
You hit the lemure. You hit Pikel. You slash the lemure!
The lemure barely misses you. The lemure hits you but does no damage.
The lemure closely misses you.
Pikel hits you with a +0 whip of flaming.
Pikel burns you. The lemure barely misses you. The lemure hits you.
You die...

# .# #. .. .# #.# .## #
#.. #.. #..... #..
....#.# #
..##>####......5##.####
#.........##..5K@.....#
###.F.######..555.(.#..#
#...# #..#l##..# #...#
#. .. .<# #...# # ... .#
#...# <... .# #...#
#.... # ###...#######...
.............


You could see Pikel, 4 lemures, an iguana and an ufetubus.

Vanquished Creatures
  A phantom (D:6)
  A scorpion (D:6)
  A hound (D:6)
  A jelly (D:6)
  8 gnolls
  3 adders
  3 dart slugs
  6 orcs
  4 endoplasms
  A giant cockroach (D:3)
  A hobgoblin (D:3)
  A quokka (D:2)
  8 ball pythons
  7 bats
  A frilled lizard (D:1)
  4 goblins
  13 kobolds
  3 rats
67 creatures vanquished.

Notes
Turn   | Place    | Note
-------+----------+-------------------------------------------
     0 | D:1      | qw the Gargoyle Fighter began the quest for the Orb.
     0 | D:1      | Reached XP level 1. HP: 14/14 MP: 1/1
     0 | D:1      | 0 ||| qw: Version: 0.2-a-13-gfc7b4b4
     0 | D:1      | 0 ||| qw: Game counter: 1718
     0 | D:1      | 0 ||| qw: Always use a shield: true
     0 | D:1      | 0 ||| qw: God list: Okawaru
     0 | D:1      | 0 ||| qw: Allow faded altars: false
     0 | D:1      | 0 ||| qw: Do Orc after D:15 true
     0 | D:1      | 0 ||| qw: Do second Lair branch before Depths: true
     0 | D:1      | 0 ||| qw: Lair rune preference: random
     0 | D:1      | 0 ||| qw: Plans: Normal, Zot:1-4, God:TSO, Crypt, Tomb,
                  | Pan, Slime:5, Hells, Abyss, Orb
     0 | D:1      | 0 ||| PLANNING D:1-11
    54 | D:1      | Reached skill level 2 in Axes
   470 | D:1      | Found a faded altar of an unknown god.
   494 | D:1      | Reached XP level 2. HP: 19/19 MP: 2/2
   571 | D:1      | 571 ||| Stepping ~*~*~tactically~*~*~ (hiding).
   603 | D:1      | 603 ||| Stepping ~*~*~tactically~*~*~ (stealth).
   734 | D:1      | 734 ||| Stepping ~*~*~tactically~*~*~ (hiding).
   882 | D:1      | 882 ||| READING scroll labelled ZELUTUL CIS LEAW.
   883 | D:1      | 883 ||| READING 4 scrolls labelled UQUPNADGHEV.
   886 | D:1      | 886 ||| READING scroll labelled HUPOURY MA YNIGOT.
   936 | D:2      | Reached skill level 3 in Axes
  1019 | D:2      | Reached XP level 3. HP: 19/23 MP: 3/3
  1019 | D:2      | 1019 ||| STAIRDANCE
  1063 | D:1      | 1063 ||| UPGRADING to +0 plate armour.
  1073 | D:1      | 1073 ||| DROPPING +0 scale mail.
  1270 | D:2      | 1270 ||| Stepping ~*~*~tactically~*~*~ (stealth).
  1272 | D:2      | 1272 ||| Stepping ~*~*~tactically~*~*~ (stealth).
  1432 | D:2      | 1432 ||| READING scroll labelled QAZ TE ZYNOAD.
  1433 | D:2      | 1433 ||| READING scroll labelled GUVIJE KIQYXU.
  1534 | D:2      | 1534 ||| DRINKING 2 fuming grey potions.
  1534 | D:2      | Gained mutation: Your spells are a little harder to cast,
                  | but a little more powerful. [potion of mutation]
  1534 | D:2      | Gained mutation: You have a pair of small antennae on your
                  | head. [potion of mutation]
  1534 | D:2      | Gained mutation: Your spells are harder to cast, but more
                  | powerful. [potion of mutation]
  1534 | D:2      | Gained mutation: Your spells are much harder to cast, but
                  | much more powerful. [potion of mutation]
  1535 | D:2      | 1535 ||| DRINKING 2 green potions.
  1536 | D:2      | 1536 ||| READING 2 scrolls of identify.
  1536 | D:2      | 1536 ||| IDENTIFYING bubbling emerald potion
  1537 | D:2      | 1537 ||| DROPPING potion of degeneration.
  1792 | D:3      | 1792 ||| DROPPING +0 club.
  1834 | D:3      | 1834 ||| Stepping ~*~*~tactically~*~*~ (hiding).
  1921 | D:3      | 1921 ||| FLEEEEING.
  1922 | D:3      | 1922 ||| FLEEEEING.
  1923 | D:3      | 1923 ||| FLEEEEING.
  1924 | D:3      | 1924 ||| FLEEEEING.
  1925 | D:3      | 1925 ||| FLEEEEING.
  1926 | D:3      | 1926 ||| FLEEEEING.
  1927 | D:3      | 1927 ||| FLEEEEING.
  1928 | D:3      | 1928 ||| FLEEEEING.
  1929 | D:3      | 1929 ||| FLEEEEING.
  1930 | D:3      | 1930 ||| FLEEEEING.
  1931 | D:3      | 1931 ||| FLEEEEING.
  1932 | D:3      | 1932 ||| FLEEEEING.
  1933 | D:3      | 1933 ||| FLEEEEING.
  1934 | D:3      | 1934 ||| FLEEEEING.
  1935 | D:3      | 1935 ||| FLEEEEING.
  1936 | D:3      | 1936 ||| FLEEEEING.
  1937 | D:3      | 1937 ||| FLEEEEING.
  1938 | D:3      | 1938 ||| FLEEEEING.
  1938 | D:3      | Noticed a kobold brigand
  1939 | D:3      | 1939 ||| FLEEEEING.
  1940 | D:3      | 1940 ||| FLEEEEING.
  1941 | D:3      | 1941 ||| FLEEEEING.
  1943 | D:3      | 1943 ||| FLEEEEING.
  1944 | D:3      | 1944 ||| FLEEEEING.
  1945 | D:3      | 1945 ||| FLEEEEING.
  1946 | D:3      | 1946 ||| FLEEEEING.
  1947 | D:3      | 1947 ||| FLEEEEING.
  1951 | D:3      | 1951 ||| FLEEEEING.
  1952 | D:3      | 1952 ||| FLEEEEING.
  1953 | D:3      | 1953 ||| FLEEEEING.
  1954 | D:3      | 1954 ||| FLEEEEING.
  1955 | D:3      | 1955 ||| FLEEEEING.
  1956 | D:3      | 1956 ||| FLEEEEING.
  1957 | D:3      | 1957 ||| FLEEEEING.
  1958 | D:3      | 1958 ||| FLEEEEING.
  2148 | D:3      | Found a transporter.
  2149 | D:3      | Found a one-way gate to the infinite horrors of the Abyss.
  2149 | D:3      | Found a transporter.
  2149 | D:3      | Noticed qw's ghost (amateur GrFi)
  2157 | D:3      | Noticed an ancient zyme
  2158 | D:3      | Identified the +9 scale mail of Cuecu {Dex+8 SInv}
  2160 | D:3      | Noticed a small abomination
  2218 | D:3      | 2218 ||| Stepping ~*~*~tactically~*~*~ (stealth).
  2666 | D:3      | 2666 ||| UPGRADING to +9 scale mail of Cuecu {Dex+8 SInv}.
  2676 | D:3      | 2676 ||| DROPPING +0 plate armour.
  2677 | D:3      | 2677 ||| READING scroll labelled PIGOGY PONNUNYUT.
  2678 | D:3      | 2678 ||| READING scroll labelled QUCSAA KAREPSY.
  2679 | D:3      | 2679 ||| DRINKING 2 fizzy dark potions.
  2741 | D:4      | 2741 ||| STAIRDANCE
  2757 | D:3      | Reached XP level 4. HP: 20/28 MP: 4/4
  2839 | D:3      | 2839 ||| DROPPING +0 whip.
  2843 | D:4      | 2843 ||| STAIRDANCE
  2849 | D:4      | Reached skill level 1 in Dodging
  2857 | D:4      | Reached skill level 4 in Axes
  2857 | D:4      | 2857 ||| STAIRDANCE
  2956 | D:4      | 2956 ||| Stepping ~*~*~tactically~*~*~ (stealth).
  2959 | D:4      | 2959 ||| Stepping ~*~*~tactically~*~*~ (stealth).
  2967 | D:4      | Reached XP level 5. HP: 24/32 MP: 5/5
  2972 | D:4      | 2972 ||| Stepping ~*~*~tactically~*~*~ (stealth).
  2973 | D:4      | 2973 ||| Stepping ~*~*~tactically~*~*~ (stealth).
  2973 | D:4      | HP: 4/32 [iguana (9)]
  2974 | D:4      | 2974 ||| READING 5 scrolls of teleportation.
  2975 | D:4      | 2975 ||| Stepping ~*~*~tactically~*~*~ (stealth).
  2977 | D:4      | 2977 ||| READING 4 scrolls of teleportation.
  2985 | D:4      | 2985 ||| READING 3 scrolls of teleportation.
  2986 | D:4      | HP: 2/32 [orc/+0 club (4)]
  3303 | D:4      | You fall into a shaft and drop 2 floors!
  3329 | D:6      | 3329 ||| PLANNING SEWER
  3335 | D:6      | 3335 ||| Stepping ~*~*~tactically~*~*~ (stealth).
  3336 | D:6      | 3336 ||| Stepping ~*~*~tactically~*~*~ (stealth).
  3341 | D:6      | Reached skill level 5 in Axes
  3371 | D:6      | Noticed a lemure
  3371 | D:6      | Noticed a phantom
  3373 | D:6      | Noticed a lemure
  3382 | D:6      | HP: 8/33 [scorpion (1)]
  3383 | D:6      | 3383 ||| READING 3 scrolls of teleportation.
  3385 | D:6      | Reached XP level 6. HP: 10/38 MP: 6/6
  3387 | D:6      | 3387 ||| READING 2 scrolls of teleportation.
  3389 | D:6      | HP: 6/39 [bullfrog (3)]
  3390 | D:6      | HP: 2/39 [shadow imp/nerve-wracking pain (4)]
  3391 | D:6      | 3391 ||| READING scroll of teleportation.
  3394 | D:6      | Noticed Pikel
  3402 | D:6      | HP: 3/39 [Pikel/+0 whip of flaming (1)]
  3402 | D:6      | Slain by a lemure

Levels and vault maps discovered:
D:1:      nicolae_arrival_memento_mori, layout_basic,
          shapermc_ecumenical_altar_rom_forum, feat_on_display
D:2:      layout_basic, minmay_misc_feat_alley
D:3:      layout_loops_corners, gammafunk_ghost_abyssal_escape,
          grunt_ministairs_11, dk_noncrumbling_3
D:4:      layout_rooms, mainiacjoe_overflow_paths, minmay_temple_entry_ruins,
          uniq_eustachio, uniq_ijyb
D:6:      layout_loops_cross, ebering_ghost_gozag, cheibrodos_sewer_entry_drain,
          uniq_duvessa, uniq_pikel

Skill      XL: |  1  2  3  4  5  6 |
---------------+-------------------+-----
Axes           | 2 3 4 5 |  5.3
Dodging        | 1 |  1.0
Fighting       | 4 |  4.7
Armour         | |  3.2
Shields        | |  3.2

Action                   |  1- 3 |  4- 6 || total
-------------------------+-------+-------++-------
Melee: War axe           |   131 |    69 ||   200
Throw: Boomerang         |     5 |     9 ||    14
  Use: Scroll            |     8 |     6 ||    14
       Potion            |     3 |       ||     3
Armor: Scale mail        |    42 |    62 ||   104
       Plate armour      |    67 |       ||    67
Dodge: Dodged            |    49 |    54 ||   103
Block: Buckler           |    21 |    30 ||    51

Table legend:
 A = Non-vault XP
 B = Vault XP
 C = Vault XP percentage of total XP
 D = Non-vault monster count
 E = Vault monster count
 F = Vault count percentage of total count
                 A         B        C        D         E       F
            +---------+---------+-------+---------+---------+-------
      Total |     516 |       2 |   0.4 |      66 |       1 |   1.5
            +---------+---------+-------+---------+---------+-------
        D:1 |      26 |       0 |   0.0 |      17 |       0 |   0.0
        D:2 |      22 |       0 |   0.0 |      14 |       0 |   0.0
        D:3 |      43 |       2 |   4.4 |      15 |       1 |   6.2
        D:4 |     139 |       0 |   0.0 |      15 |       0 |   0.0
        D:6 |     286 |       0 |   0.0 |       5 |       0 |   0.0
            +---------+---------+-------+---------+---------+-------
